 Dungeon Crawl Stone Soup version 0.21.1-1-g345015f (webtiles) character file.

304 Iko the Bolt Thrower (level 6, -3/42 HPs)
             Began as an Octopode Hunter on May 1, 2018.
             Was an Initiate of Qazlal.
             Slain by a black bear (4 damage)
             ... on level 6 of the Dungeon.
             The game lasted 00:09:52 (888 turns).

Iko the Bolt Thrower (Octopode Hunter)               Turns: 888, Time: 00:09:53

Health: -3/42      AC:  1    Str: 13    XL:     6   Next: 38%
Magic:  6/6        EV: 14    Int: 13    God:    Qazlal [......]
Gold:   76         SH:  0    Dex: 13    Spells: 5/5 levels left

rFire    + . .     SeeInvis .   a - +1 hand crossbow
rCold    . . .     Gourm    .   (no shield)
rNeg     . . .     Faith    .   (helmet restricted)
rPois    .         Spirit   .   (no amulet)
rElec    .         Reflect  .   f - ring of protection from fire
rCorr    .         Harm     .   (no ring)
MR       .....                  (no ring)
Stlth    ++++......             (no ring)
HPRegen  0.14/turn              (no ring)
MPRegen  0.10/turn              (no ring)
                                (no ring)
                                (no ring)

@: hasted, very quick
A: almost no armour, stealthy swim, amphibious, 8 rings, constrict 8, camouflage
2, gelatinous body 1
a: Renounce Religion


You were on level 6 of the Dungeon.
You worshipped Qazlal.
Qazlal was noncommittal.
You were not hungry.

You visited 1 branch of the dungeon, and saw 6 of its levels.

You collected 76 gold pieces.

Inventory:

Hand Weapons
 a - a +1 hand crossbow (weapon)
 b - a +0 short sword
Missiles
 c - 8 bolts (quivered)
Jewellery
 f - a ring of protection from fire (left tentacle)
Scrolls
 i - a scroll of amnesia
Potions
 e - a potion of mutation
 h - 2 potions of agility {unknown}
 j - a potion of resistance {unknown}
Comestibles
 d - 6 rations


   Skills:
 + Level 3.0 Fighting
 + Level 6.7 Crossbows
 + Level 2.8 Dodging
 + Level 2.0 Stealth


You had 5 spell levels left.
You didn't know any spells.

Dungeon Overview and Level Annotations

Branches:
Dungeon (6/15)
 Temple: D:4-7

Altars:
Qazlal
The Shining One

Annotations:
D:2 Jessica


Innate Abilities, Weirdness & Mutations

You cannot wear most types of armour.
You are very stealthy in the water. (Stealth+)
You are amphibious.
You can wear up to eight rings at the same time.
You can use your tentacles to constrict eight enemies at once.
Your skin blends seamlessly with your surroundings (Stealth++).
Your rubbery body absorbs attacks. (AC +1, EV +1)


Message History

The wyvern skeleton barely misses you. The black bear bites you!
* * * LOW HITPOINT WARNING * * *
The black bear misses you. The black bear claws you.
* * * LOW HITPOINT WARNING * * *
The quokka bites you.
* * * LOW HITPOINT WARNING * * *
You have no spells to forget!
Unknown command.
It was a potion of haste.
You feel yourself speed up. The black bear misses you.
The black bear claws you.
* * * LOW HITPOINT WARNING * * *
The black bear barely misses you. The wyvern skeleton closely misses you.
The quokka barely misses you. The black bear closely misses you. x2
The black bear claws you.
* * * LOW HITPOINT WARNING * * *
The wyvern skeleton misses you. The quokka misses you.
The black bear bites you.
* * * LOW HITPOINT WARNING * * *
The black bear claws you.
You die...

. # #### ..
..#...#### .#.
......... ....
........# ...#
....(.Z@#....#
(....(h.r..#
..!....##..#
..#...# $## #
#### #


You could see a black bear (berserk), a quokka and a wyvern skeleton.

Vanquished Creatures
  2 phantoms
  A bullfrog zombie (D:5)
  A hound (D:2)
  A worker ant (D:4)
  2 adders (D:5)
  A shadow imp (D:6)
  An ooze (D:2)
  An adder skeleton (D:4)
  A leopard gecko (D:4)
  2 bats
  A hobgoblin (D:2)
  7 jackals
  A quokka (D:3)
22 creatures vanquished.

Notes
Turn   | Place    | Note
-------+----------+-------------------------------------------
     0 | D:1      | Iko the Octopode Hunter began the quest for the Orb.
     0 | D:1      | Reached XP level 1. HP: 14/14 MP: 1/1
    74 | D:1      | Reached XP level 2. HP: 13/19 MP: 2/2
    88 | D:2      | Reached XP level 3. HP: 5/24 MP: 3/3
   191 | D:2      | Noticed Jessica
   413 | D:4      | Reached skill level 5 in Crossbows
   413 | D:4      | Reached XP level 4. HP: 27/29 MP: 4/4
   419 | D:4      | Noticed a phantom
   429 | D:4      | Gained mutation: Your skin blends seamlessly with your surroundings (Stealth++). [potion of mutation]
   429 | D:4      | Gained mutation: You are frail. (-10% HP) [potion of mutation]
   429 | D:4      | Lost mutation: You are frail. (-10% HP) [potion of mutation]
   450 | D:4      | Killed a phantom
   450 | D:4      | Reached XP level 5. HP: 28/35 MP: 5/5
   568 | D:5      | Entered Level 5 of the Dungeon
   568 | D:5      | Found a stormy altar of Qazlal.
   614 | D:5      | Became a worshipper of Qazlal Stormbringer
   661 | D:5      | Reached skill level 6 in Crossbows
   781 | D:5      | Found a glowing golden altar of the Shining One.
   789 | D:5      | Noticed a phantom
   811 | D:5      | Killed a phantom
   811 | D:5      | Reached XP level 6. HP: 31/42 MP: 6/6
   880 | D:6      | Noticed a black bear
   888 | D:6      | HP: 1/42 [black bear (3)]
   888 | D:6      | Slain by a black bear

Skill      XL: |  1  2  3  4  5 |
---------------+----------------+-----
Crossbows      | 5 6 |  6.7
Fighting       | 3 |  3.0
Stealth        | 2 |  2.0
Dodging        | |  2.8

Action                   |  1- 3 |  4- 6 || total
-------------------------+-------+-------++-------
Melee: Hand crossbow     |     1 |       ||     1
 Fire: Hand crossbow     |    28 |    51 ||    79
  Use: Scroll            |     1 |     1 ||     2
       Potion            |       |     2 ||     2
Armor: Skin              |     3 |     1 ||     4
Dodge: Dodged            |    11 |    26 ||    37
